 Dungeon Crawl Stone Soup version 0.31-a0-95-g6fa058ef04 (webtiles) character file.

Game seed: 888836415260601078

284 ytrimaz the Cudgeller (level 6, -1/62 HPs)
             Began as an Ogre Berserker on May 25, 2023.
             Was a Believer of Trog.
             Succumbed to a goblin's poison
             ... on level 4 of the Dungeon.
             The game lasted 00:03:11 (3519 turns).

ytrimaz the Cudgeller (Ogre Berserker)              Turns: 3519, Time: 00:03:12

Health: -1/62      AC:  3    Str: 24    XL:     6   Next: 29%
Magic:  6/6        EV: 10    Int:  8    God:    Trog [**....]
Gold:   164        SH:  0    Dex:  8    Spells: 5/5 levels left

rFire   . . .        a - +0 mace
rCold   . . .        (no shield)
rNeg    + . .        b - +0 animal skin
rPois   .            (helmet restricted)
rElec   .            (no cloak)
rCorr   .            (gloves unavailable)
SInv    .            (boots unavailable)
Will    .....        (no amulet)
Stlth   +            c - ring of positive energy
HPRegen 0.30/turn    (no ring)
MPRegen 0.10/turn

%: no passive effects
@: lethally poisoned (-1 -> -16)
A: large, unfitting armour, tough skin 1, antennae 1, high MP 1, teleportitis 1
a: Renounce Religion, Berserk, Trog's Hand


You were on level 4 of the Dungeon.
You worshipped Trog.
Trog was pleased with you.
You visited 1 branch of the dungeon, and saw 4 of its levels.

You collected 164 gold pieces.


Innate Abilities, Weirdness & Mutations

You are too large for most types of armour.
You have tough skin. (AC +1)
You have a pair of small antennae on your head.
You have an increased reservoir of magic. (+10% MP)
You are occasionally teleported next to monsters.


   Skills:
 - Level 4.0 Fighting
 * Level 6.2 Maces & Flails
 - Level 2.6 Dodging


You had 5 spell levels left.
You didn't know any spells.
Your spell library was empty.

Inventory:

Hand Weapons
 a - a +0 mace (weapon)
 l - a +0 giant club
   (You took it off an ogre on level 3 of the Dungeon)
Missiles
 k - 2 boomerangs (quivered)
Armour
 b - a +0 animal skin (worn)
Jewellery
 c - a ring of positive energy (left hand)
   (You found it on level 1 of the Dungeon)
 g - a ring of fire
   (You found it on level 2 of the Dungeon)
Wands
 i - a wand of polymorph (8)
   (You found it on level 4 of the Dungeon)
Scrolls
 j - a scroll of enchant armour {unknown}
Potions
 e - a potion of attraction
 m - a potion of enlightenment {unknown}

Dungeon Overview and Level Annotations

Branches:
Dungeon (4/15) Zot: 20428
 Temple: D:4-7

Altars:

Shops:
D:1 ?

Annotations:
D:4 Edmund

# .###.. #### .#
...... ##..#..#..
#..@.#
#####.......... .....
#.....@.......#. #...
#.............#.##@.
#
#.....#....####..#.##
# #.....#
#.....#....?.###
##.#..
.....#..##..#.. # #..
##.......#.)... ##
#.......#.#.#.
#.............
##...#.#.#


There were no monsters in sight!


Message History

😕 HP[+1]
You feel strangely unstable.
You are yanked towards some nearby monsters!
Your surroundings suddenly seem different.
A hobgoblin, an orc, a goblin and an adder come into view.
The goblin is wielding a +0 dagger of venom.
The hobgoblin shouts!
The orc shouts!
The adder hisses angrily.
You hear a shout! x2
The orc moves out of view.
The adder moves out of view.
You hear a shout! x3
Unknown command. 😕 HP[+1]
An orc comes into view. It is wielding a +0 whip.
The orc shouts!
An orc comes into view. It is wielding a +0 club.
The orc moves out of view.
An orc wizard comes into view. It is wielding a +0 dagger.
You closely miss the hobgoblin.
The hobgoblin hits you but does no damage.
The hobgoblin barely misses you.
The orc wizard moves out of view.
An orc comes into view. It is wielding a +0 hand axe.
You hit the hobgoblin. The hobgoblin barely misses you.
An orc wizard comes into view. It is wielding a +0 dagger.
The goblin hits you with a +0 dagger of venom.
You are poisoned.
The orc moves out of view.
You hit the hobgoblin but do no damage.
You feel very sick. The adder bites you. The hobgoblin hits you.
The goblin hits you but does no damage.
You are more poisoned.
A goblin comes into view. It is wielding a +0 club.
You barely miss the hobgoblin.
You feel very sick. The adder barely misses you. The hobgoblin hits you.
The goblin hits you with a +0 dagger of venom.
You are more poisoned.
The orc hits you with a +0 club. The adder bites you. 😮 HP[-20]
You take 20 damage, and now have 34/62 hp.
MASSIVE DAMAGE!! (PAUSE) Really read the scroll of torment?
As you read the scroll of torment, it crumbles to dust.
Your body is wracked with pain!
* * * LOW HITPOINT WARNING * * *
The goblin convulses!
The orc convulses!
The adder convulses!
The orc convulses! x2; The orc wizard convulses!
* * * LOW HITPOINT WARNING * * *
You feel very sick. The adder bites you.
* * * LOW HITPOINT WARNING * * *
The hobgoblin hits you.
* * * LOW HITPOINT WARNING * * *
The orc barely misses you. The goblin hits you but does no damage.
You are more poisoned. 😱 HP[-23]
You take 23 damage, and now have 11/62 hp.
MASSIVE DAMAGE!! (PAUSE) It was a potion of heal wounds.
You feel much better.
You feel very sick. The adder closely misses you. The hobgoblin hits you.
* * * LOW HITPOINT WARNING * * *
The orc barely misses you. The goblin hits you but does no damage.
The orc hits you but does no damage. 😨 HP[+18]
You regained 18 hp, and now have 29/62 hp.
As you read the scroll of teleportation, it crumbles to dust.
You feel strangely unstable.
You feel very sick. The adder bites you.
* * * LOW HITPOINT WARNING * * *
The hobgoblin hits you but does no damage.
The orc hits you but does no damage.
The orc wizard mumbles some strange words.
The orc wizard flickers and vanishes!
Deactivating autopickup; reactivate with Ctrl-A.
The goblin hits you with a +0 dagger of venom.
* * * LOW HITPOINT WARNING * * *
The orc closely misses you. 😨 HP[-9]
You take 9 damage, and now have 20/62 hp.
The goblin attacks as you move away! The goblin hits you but does no damage.
You are lethally poisoned!
* * * LOW HITPOINT WARNING * * *
You feel very sick. The adder bites you.
* * * LOW HITPOINT WARNING * * *
The hobgoblin hits you.
* * * LOW HITPOINT WARNING * * *
The orc barely misses you. 😱 HP[-11]
You take 11 damage, and now have 9/62 hp.
The orc attacks as you move away! The orc hits you with a +0 whip.
* * * LOW HITPOINT WARNING * * *
x2 You feel very sick.
The hobgoblin closely misses you. 😱 HP[-7]
You take 7 damage, and now have 2/62 hp.
Your surroundings suddenly seem different.
You die...

Skill      XL: |  1  2  3  4  5  6 |
---------------+-------------------+-----
Maces & Flails | 3 4 5 6 |  6.2
Fighting       | |  4.0
Dodging        | |  2.6

Action                     |  1- 3 |  4- 6 || total
---------------------------+-------+-------++-------
  Melee: Mace              |   110 |   114 ||   224
         Punch             |       |     3 ||     3
 Invoke: Berserk           |       |     2 ||     2
         Trog's Hand       |       |     1 ||     1
    Use: Scroll            |     1 |     7 ||     8
         Potion            |       |     2 ||     2
   Stab: Sleeping          |     1 |       ||     1
 Armour: Animal skin       |    41 |    30 ||    71
  Dodge: Dodged            |    72 |    53 ||   125

Levels and vault maps discovered:
D:1:      roderic_crop_circles_arrival_small, layout_basic,
          shapermc_ecumenical_altar_petra, serial_shops,
          nicolae_shop_competitors_out_of_business
D:2:      layout_loops_ring
D:3:      layout_loops_corners, serial_aquarium, aquarium_bridge_straight
          [aquarium_subvault_bridge, aquarium_subvault_balcony,
          aquarium_subvault_bridge, aquarium_subvault_wall],
          aquarium_bridge_long_joined [aquarium_subvault_bridge,
          aquarium_subvault_bridge, aquarium_subvault_wall,
          aquarium_subvault_bridge, aquarium_subvault_wall,
          aquarium_subvault_window], aquarium_window_1, aquarium_window_2,
          aquarium_window_1, aquarium_view_2b, aquarium_balcony_3a,
          aquarium_pool_corner
D:4:      layout_cave_pools, serial_glass, glass_columns_c, glass_columns_b,
          minmay_misc_feat_pillars, uniq_edmund

Notes
Turn   | Place    | Note
-------+----------+-------------------------------------------
     0 | D:1      | ytrimaz the Ogre Berserker began the quest for the Orb.
     0 | D:1      | Reached XP level 1. HP: 24/24 MP: 1/1
     0 | D:1      | magus.rc [v1.9.6]
   153 | D:1      | Reached skill level 3 in Maces & Flails
   190 | D:1      | Found Furgh's Magic Scroll Shop.
   199 | D:1      | Reached XP level 2. HP: 32/32 MP: 2/2
   588 | D:1      | Reached XP level 3. HP: 36/39 MP: 3/3
  1159 | D:2      | Reached skill level 4 in Maces & Flails
  1267 | D:2      | Reached ** piety under Trog
  1410 | D:2      | Reached XP level 4. HP: 41/48 MP: 4/4
  2551 | D:3      | Noticed an ogre
  2558 | D:3      | Killed an ogre
  2559 | D:3      | Reached skill level 5 in Maces & Flails
  2559 | D:3      | Reached XP level 5. HP: 54/54 MP: 5/5
  2910 | D:3      | Gained mutation: You are occasionally teleported next to
                  | monsters. [potion of mutation]
  2910 | D:3      | Gained mutation: You have an increased reservoir of magic.
                  | (+10% MP) [potion of mutation]
  2910 | D:3      | Gained mutation: You have a pair of small antennae on your
                  | head. [potion of mutation]
  3041 | D:3      | Reached XP level 6. HP: 53/62 MP: 6/6
  3047 | D:3      | HP: 23/93 [something (3)]
  3051 | D:3      | Reached skill level 6 in Maces & Flails
  3053 | D:3      | HP: 17/93 [something (2)]
  3503 | D:4      | Noticed Edmund
  3514 | D:4      | HP: 15/62 [poisoned by a goblin]
  3518 | D:4      | HP: 6/62 [orc/+0 whip (3)]
  3518 | D:4      | HP: 2/62 [poisoned by a goblin]
  3519 | D:4      | Succumbed to a goblin's poison

Vanquished Creatures
  An ogre (D:3)
  An orc priest (D:3)
  2 orc wizards (D:3)
  2 adders
  A worm (D:2)
  3 dart slugs
  8 orcs
  4 bats
  10 endoplasms
  4 giant cockroaches
  3 goblins
  11 hobgoblins
  4 jackals (D:1)
  2 quokkas (D:1)
  6 ball pythons
  4 frilled lizards
  9 kobolds
  2 rats (D:3)
77 creatures vanquished.

Table legend:
 A = Non-vault XP
 B = Vault XP
 C = Vault XP percentage of total XP
 D = Non-vault monster count
 E = Vault monster count
 F = Vault count percentage of total count
                 A         B        C        D         E       F
            +---------+---------+-------+---------+---------+-------
      Total |     407 |       0 |   0.0 |      77 |       0 |   0.0
            +---------+---------+-------+---------+---------+-------
        D:1 |      51 |       0 |   0.0 |      27 |       0 |   0.0
        D:2 |      53 |       0 |   0.0 |      22 |       0 |   0.0
        D:3 |     294 |       0 |   0.0 |      24 |       0 |   0.0
        D:4 |       9 |       0 |   0.0 |       4 |       0 |   0.0
            +---------+---------+-------+---------+---------+-------

Skill      XL: |  1  2  3  4  5  6 |
---------------+-------------------+-----
Maces & Flails | 3 4 5 6 |  6.2
Fighting       | |  4.0
Dodging        | |  2.6

Action                     |  1- 3 |  4- 6 || total
---------------------------+-------+-------++-------
  Melee: Mace              |   110 |   114 ||   224
         Punch             |       |     3 ||     3
 Invoke: Berserk           |       |     2 ||     2
         Trog's Hand       |       |     1 ||     1
    Use: Scroll            |     1 |     7 ||     8
         Potion            |       |     2 ||     2
   Stab: Sleeping          |     1 |       ||     1
 Armour: Animal skin       |    41 |    30 ||    71
  Dodge: Dodged            |    72 |    53 ||   125

Illustrated notes

Table legend:
 A = Kills in this place as a percentage of kills in the entire game.
 B = Kills by you in this place as a percentage of kills by you in the entire game.
 C = Kills by friends in this place as a percentage of kills by friends in the entire game.
 D = Other kills in this place as a percentage of other kills in the entire game.
 E = Experience gained in this place as a percentage of experience gained in the entire game.
 F = Experience gained in this place divided by the number of levels of this place that you have seen.
                   A       B       C       D       E      F
               +-------+-------+-------+-------+-------+----------------------
         Total | 100.0 | 100.0 |   N/A |   N/A | 100.0 | 101.8
       Dungeon | 100.0 | 100.0 |   N/A |   N/A | 100.0 | 101.8
               +-------+-------+-------+-------+-------+----------------------

Table legend: (Time is in decaauts)
 A = Elapsed time spent in this place.
 B = Non-inter-level travel time spent in this place.
 C = Inter-level travel time spent in this place.
 D = Time resting spent in this place.
 E = Time spent auto-exploring this place.
 F = Levels seen in this place.
 G = Mean time per level.
                   A        B        C        D        E       F      G
               +--------+--------+--------+--------+--------+-----+--------+
         Total |   3571 |   3483 |     88 |    168 |   2727 |   4 |  892.8 |
       Dungeon |   3571 |   3483 |     88 |    168 |   2727 |   4 |  892.8 |
               +--------+--------+--------+--------+--------+-----+--------+

Top non-repeatable levels by time:
     D:3: 1296 daAuts
     D:1: 1161 daAuts
     D:2: 1041 daAuts
     D:4: 72 daAuts
